 Dungeon Crawl Stone Soup version 0.30-a0-358-g0d69a1922f (webtiles) character file.

Game seed: 16652708139272872545

3 LnG the Caller (level 1, -3/10 HPs)
             Began as a Kobold Summoner on Nov 10, 2022.
             Slain by a kobold
             ... wielding a +0 short sword
              (4 damage)
             ... on level 1 of the Dungeon.
             The game lasted 00:01:13 (170 turns).

LnG the Caller (Kobold Summoner)                     Turns: 170, Time: 00:01:13

Health: -3/10      AC:  2    Str:  5    XL:     1   Next: 55%
Magic:  1/3        EV: 15    Int: 16    God:
Gold:   9          SH:  0    Dex: 15    Spells: 3/4 levels left

rFire   . . .      SeeInvis .    c - +0 dagger
rCold   . . .      Faith    .    (no shield)
rNeg    . . .      Spirit   .    a - +0 robe
rPois   .          Reflect  .    (no helmet)
rElec   .          Harm     .    (no cloak)
rCorr   .          Rampage  .    (no gloves)
Will    .....                    (no boots)
Stlth   +++.......               (no amulet)
HPRegen 0.21/turn                (no ring)
MPRegen 0.08/turn                (no ring)

@: no status effects
A: small, no large weapons, nightstalker 3
a: no special abilities


You were on level 1 of the Dungeon.
You visited 1 branch of the dungeon, and saw 1 of its levels.

You collected 9 gold pieces.

Inventory:

Hand Weapons
 c - a +0 dagger (weapon)
Armour
 a - a +0 robe (worn)
Potions
 b - a potion of magic


   Skills:
 - Level 2.4 Dodging
 - Level 2.7 Stealth
 + Level 2.2 Spellcasting
 + Level 4.1 Summonings


You had 3 spell levels left.
You knew the following spells:

 Your Spells              Type           Power      Damage    Failure   Level
a - Summon Small Mammal   Summ           60%        N/A       3%          1

Your spell library contained the following spells:

 Spells                   Type           Power      Damage    Failure   Level
 Call Imp                 Summ           15%        N/A       5%          2
 Call Canine Familiar     Summ           15%        N/A       11%         3
 Summon Guardian Golem    Hex/Summ       8%         N/A       26%         3
 Summon Lightning Spire   Summ/Air       8%         N/A       65%         4


Dungeon Overview and Level Annotations

Branches:
Dungeon (1/15)

Altars:


Innate Abilities, Weirdness & Mutations

You are small and have problems with some larger weapons.
You are completely attuned to the shadows.


Message History

Your bat barely misses the bat.
You barely miss the bat.
The bat is moderately wounded.
The bat closely misses you.
Your bat hits the bat but does no damage.
Your rat barely misses the kobold.
You hit the bat but do no damage.
Your rat disappears in a puff of smoke!
The bat misses you.
Your bat misses the kobold.
Your bat closely misses the kobold.
The kobold closely misses you.
You hit the bat but do no damage. The bat hits you but does no damage.
Your bat closely misses the kobold.
The kobold hits you with a +0 short sword.
You miss the kobold.
Your bat barely misses the kobold.
The bat hits you. The kobold misses you.
Casting: Summon Small Mammal (safe; 3% risk of failure)
Confirm with . or Enter, or press ? or * to list all spells.
The bat hits you but does no damage.
Your bat misses the kobold.
Your bat barely misses the kobold.
The kobold hits you but does no damage.
Casting: Summon Small Mammal (safe; 3% risk of failure)
Confirm with . or Enter, or press ? or * to list all spells.
Your bat disappears in a puff of smoke!
The bat closely misses you.
Your bat closely misses the bat.
The kobold hits you with a +0 short sword.
You are too injured to fight recklessly!
You are too injured to fight recklessly!
You closely miss the kobold. The bat hits you but does no damage.
Your bat hits the bat.
Your bat closely misses the kobold.
The kobold hits you but does no damage.
You closely miss the kobold.
Your bat closely misses the bat.
Your bat barely misses the kobold.
The bat barely misses your bat.
The kobold hits you with a +0 short sword.
* * * LOW HITPOINT WARNING * * *
Your bat closely misses the kobold.
You closely miss the bat.
The bat is moderately wounded.
The bat hits you but does no damage.
Your bat hits the bat but does no damage.
The kobold hits you with a +0 short sword.
You die...

.♣ g.# #. .♣ #.#...
.♣♣ #.#.# .8♣
##########>..## .♣♣
#................ .♣
#................ .♣
#........†.b..... ♣♣
#........b...b... ♣
#....†......@K...
#................
#................
#####................
...........!.........
###.####### .........
#.# #.# #.#


You could see a bat (ally target), a kobold (ally target) and 2 friendly bats.

Vanquished Creatures (collateral kills)
  A ball python (D:1)
  A goblin (D:1)
  A bat (D:1)
3 creatures vanquished.

Notes
Turn   | Place    | Note
-------+----------+-------------------------------------------
     0 | D:1      | LnG the Kobold Summoner began the quest for the Orb.
     0 | D:1      | Reached XP level 1. HP: 10/10 MP: 3/3
   170 | D:1      | Slain by a kobold

Illustrated notes

Levels and vault maps discovered:
D:1:      nagdon_arrival_double_spiral, layout_basic

Action                   || total
-------------------------++-------
Melee: Dagger            ||     9
       Unarmed           ||     1
 Cast: Summon Small Mamm ||     7
Armor: Robe              ||     7
Dodge: Dodged            ||     8

Table legend: (Time is in decaauts)
 A = Elapsed time spent in this place.
 B = Non-inter-level travel time spent in this place.
 C = Inter-level travel time spent in this place.
 D = Time resting spent in this place.
 E = Time spent auto-exploring this place.
 F = Levels seen in this place.
 G = Mean time per level.
                   A        B        C        D        E       F      G
               +--------+--------+--------+--------+--------+-----+--------+
         Total |    169 |    169 |      0 |      0 |    135 |   1 |  169.0 |
       Dungeon |    169 |    169 |      0 |      0 |    135 |   1 |  169.0 |
               +--------+--------+--------+--------+--------+-----+--------+

Top non-repeatable levels by time:
     D:1: 169 daAuts
